Map: Frozen Temple

Players

Miszu

  • Race: Protoss Protoss
  • League: Master

Abricoragzi - Winner!

  • Race: Terran Terran
  • League: Master

VOD

Have the link to the VOD?

Description

Time

  • Played on: July 1, 2016, 6:41 p.m.
  • Length: 13:40
Show
View Real Time Build Order
Export as new Build Order

Miszu Protoss 

Build Orders: Oracle Opening, Blink Stalkers 

Get SALT Encoding   

  12  0:01  Probe (Chrono Boost)  
  13  0:11  Probe (Chrono Boost)  
  14  0:17  Pylon  
  14  0:22  Probe (Chrono Boost)  
  16  0:35  Probe (Chrono Boost)  
  16  0:38  Gateway  
  16  0:46  Probe (Chrono Boost)  
  16  0:47  Assimilator  
  17  0:57  Probe (Chrono Boost)  
  18  1:09  Probe (Chrono Boost)  
  19  1:19  Assimilator  
  19  1:20  Probe (Chrono Boost)  
  19  1:25  Cybernetics Core  
  20  1:27  Pylon  
  20  1:31  Zealot (Chrono Boost), Probe (Chrono Boost)  
  23  1:45  Probe (Chrono Boost)  
  24  1:56  Probe  
  25  2:02  Stalker (Chrono Boost)  
  25  2:08  Probe  
  28  2:14  Stargate  
  28  2:20  Probe  
  29  2:23  Pylon  
  29  2:27  Warp Gate  
  28  2:49  Nexus, Probe  
  29  2:57  Oracle (Chrono Boost)  
  32  3:01  Probe  
  33  3:13  Mothership Core  
  35  3:24  Twilight Council  
  35  3:27  Pylon  
  35  3:34  Probe  
  36  3:44  Robotics Facility  
  36  3:47  Probe  
  37  3:59  Blink, Probe (Chrono Boost)  
  37  4:01  Probe (Chrono Boost)  
  39  4:11  Probe (Chrono Boost)  
  39  4:15  Gateway  
  39  4:16  Gateway  
  40  4:19  Probe (Chrono Boost)  
  40  4:24  Probe (Chrono Boost)  
  42  4:29  Probe (Chrono Boost)  
  43  4:35  Probe (Chrono Boost)  
  44  4:40  Probe (Chrono Boost)  
  44  4:41  Assimilator  
  44  4:44  Observer (Chrono Boost), Assimilator  
  46  4:50  Probe  
  46  4:52  Pylon  
  47  4:57  Probe  
  47  4:59  Stalker  
  50  5:02  Probe  
  50  5:03  Observer (Chrono Boost)  
  52  5:16  Probe  
  52  5:18  Nexus  
  53  5:23  Immortal (Chrono Boost)  
  53  5:24  Stalker  
  53  5:26  Stalker  
  61  5:29  Adept  
  61  5:34  Probe x2  
  65  5:37  Pylon  
  65  5:46  Probe  
  65  5:47  Probe  
  66  5:53  Stalker x2  
  70  6:00  Pylon  
  70  6:01  Pylon  
  70  6:27  Stalker  
  70  6:28  Stalker x2  
  75  6:39  Gateway x2  
  75  6:52  Nexus  
  75  6:53  Probe x2  
  77  6:58  Resonating Glaives  
  77  7:05  Probe  
  77  7:06  Probe  
  79  7:08  Forge  
  79  7:10  Forge  
  79  7:11  Sentry x2  
  83  7:17  Probe  
  83  7:18  Pylon, Probe  
  83  7:20  Pylon  
  85  7:23  Pylon  
  86  7:30  Probe  
  86  7:36  Immortal (Chrono Boost)  
  87  7:40  Pylon, Probe  
  87  7:41  Adept  
  90  7:45  Protoss Ground Armor Level 1 (Chrono Boost)  
  90  7:48  Protoss Ground Weapons Level 1 (Chrono Boost)  
  90  7:53  Adept  
  92  8:00  Templar Archives  
  92  8:02  Adept  
  94  8:06  Probe  
  94  8:07  Probe x2  
  97  8:15  Adept x2  
  97  8:19  Probe  
  100  8:33  Probe  
  98  8:34  Probe x2  
  98  8:40  Photon Cannon  
  100  8:41  Adept  
  100  8:42  Adept x2  
  100  8:47  Immortal  
  110  8:54  Pylon  
  110  9:12  Probe x2  
  110  9:13  Adept x4  
  120  9:19  Psionic Storm  
  120  9:27  Immortal  
  120  9:29  Gateway  
  124  9:31  Gateway  
  124  9:35  Assimilator  
  124  9:36  Assimilator  
  124  9:56  Protoss Ground Weapons Level 2 (Chrono Boost)  
  124  10:01  High Templar x4  
  132  10:08  Probe  
  132  10:09  Protoss Ground Armor Level 2 (Chrono Boost), Probe x2  
  132  10:12  Nexus  
  133  10:21  Probe  
  112  10:35  Probe  
  112  10:38  Probe  
  104  10:50  Nexus, Probe  
  104  10:56  Probe  
  105  11:00  Nexus  
  105  11:02  High Templar x2  
  110  11:09  Pylon  
  110  11:18  Fleet Beacon  
  110  11:25  Stargate, Probe  
  110  11:27  Probe  
  110  11:29  Archon  
  112  11:36  Probe  
  112  11:39  High Templar, Probe  
  116  11:40  High Templar  
  112  11:47  Probe  
  112  11:49  High Templar  
  112  11:51  Probe  
  116  11:56  Stalker  
  116  12:00  Probe  
  116  12:01  Pylon  
  118  12:03  Pylon  
  118  12:07  Pylon  
  119  12:11  Tempest  
  123  12:22  Zealot  
  123  12:37  Tempest  
  111  12:54  Tempest  
  115  13:01  High Templar x2  
  115  13:03  Probe x2  
  115  13:04  Probe  
  122  13:07  Archon  
  122  13:13  Probe x2  
  122  13:16  Probe  
  125  13:24  Probe  
Show
View Real Time Build Order
Export as new Build Order

Abricoragzi Terran - Winner!

Build Orders: Reaper Expand, MMM Bio 

Get SALT Encoding   

  12  0:00  SCV  
  13  0:12  SCV  
  14  0:17  Supply Depot  
  14  0:24  SCV  
  15  0:39  SCV  
  15  0:40  Barracks  
  16  0:45  Refinery  
  16  0:56  Engineering Bay  
  16  0:59  SCV  
  17  1:11  SCV  
  19  1:28  Reaper  
  19  1:33  Orbital Command  
  19  1:53  Command Center  
  19  2:01  SCV  
  20  2:02  Barracks Reactor  
  20  2:10  Supply Depot  
  20  2:14  SCV  
  21  2:22  Barracks  
  21  2:26  SCV  
  22  2:38  SCV  
  22  2:39  Marine x2  
  25  2:46  Bunker  
  25  2:53  Factory  
  25  2:56  Marine  
  25  2:57  Marine  
  25  2:58  SCV  
  28  3:04  Refinery  
  28  3:12  Barracks Tech Lab  
  28  3:14  Marine x2  
  29  3:20  Orbital Command  
  29  3:25  SCV  
  30  3:32  Marine x2, Stimpack  
  32  3:37  SCV  
  33  3:42  Starport  
  33  3:46  Factory Reactor  
  33  3:49  SCV  
  33  3:53  Marine x2  
  35  4:02  Engineering Bay  
  35  4:08  SCV  
  36  4:11  Marine  
  36  4:15  Marine x2  
  39  4:18  SCV  
  39  4:26  Supply Depot  
  39  4:32  Factory Tech Lab  
  39  4:34  Missile Turret  
  39  4:36  SCV  
  39  4:37  SCV  
  41  4:45  Missile Turret  
  41  4:46  Medivac x2  
  41  4:49  Marine  
  46  4:55  SCV  
  46  4:57  Barracks  
  47  5:00  SCV  
  47  5:03  Supply Depot  
  47  5:06  Marine  
  48  5:07  SCV  
  48  5:13  SCV  
  50  5:18  Terran Infantry Weapons Level 1, Marine  
  50  5:19  SCV  
  52  5:22  Marine  
  52  5:25  SCV  
  54  5:31  SCV  
  54  5:32  Combat Shields  
  55  5:36  Supply Depot, Refinery  
  55  5:37  SCV  
  55  5:41  Marine, Medivac  
  59  5:44  SCV  
  59  5:49  SCV  
  61  5:56  SCV  
  62  6:00  Supply Depot  
  62  6:01  Supply Depot, SCV  
  62  6:03  Concussive Shells  
  63  6:08  SCV  
  64  6:13  Marine, Marauder, SCV  
  64  6:17  Marauder  
  70  6:21  Supply Depot, SCV  
  70  6:24  Refinery  
  70  6:25  Liberator x2, SCV  
  68  6:38  Command Center  
  68  6:41  Marine  
  68  6:42  Marauder  
  76  6:47  SCV  
  75  6:58  Marauder  
  75  7:01  Barracks  
  77  7:04  Barracks, Factory Reactor  
  77  7:05  Marine  
  77  7:06  Starport  
  78  7:11  Marine  
  78  7:12  Marauder  
  78  7:13  Missile Turret  
  81  7:18  SCV  
  81  7:19  Marine, Liberator  
  83  7:23  Marine  
  83  7:24  Terran Infantry Armor Level 1  
  83  7:27  Engineering Bay  
  84  7:33  Marauder  
  89  7:42  Marine x2  
  89  7:43  Marauder, Armory  
  93  7:45  SCV  
  93  7:50  Barracks Tech Lab, SCV  
  93  7:51  Barracks Reactor  
  95  7:57  SCV  
  96  8:02  SCV, Factory Reactor  
  96  8:05  Marine  
  98  8:06  Missile Turret  
  98  8:09  Marauder, Missile Turret  
  100  8:14  Marine, Marauder  
  100  8:15  Liberator  
  105  8:20  Marauder  
  105  8:22  Marine  
  105  8:26  Liberator  
  103  8:30  Marine  
  103  8:32  Marine  
  108  8:34  Liberator  
  108  8:38  Orbital Command  
  108  8:44  Supply Depot, Marauder  
  108  8:45  Supply Depot  
  113  8:52  Marine  
  117  8:59  SCV  
  117  9:00  Supply Depot  
  117  9:03  SCV  
  117  9:04  Marauder  
  117  9:06  SCV  
  117  9:08  Liberator, Terran Infantry Weapons Level 2  
  118  9:11  SCV  
  118  9:12  Marine, Marauder  
  118  9:15  Marine, Marauder  
  118  9:16  SCV  
  126  9:28  Marine, Marauder  
  132  9:33  Medivac  
  132  9:34  SCV x2  
  132  9:36  Refinery x2  
  136  9:39  Supply Depot  
  136  9:40  Supply Depot, Missile Turret  
  136  9:43  Marine  
  136  9:44  Marauder  
  139  9:50  Marauder  
  141  9:56  Supply Depot  
  141  9:57  Supply Depot  
  141  10:00  Marine  
  141  10:01  Command Center  
  142  10:10  Marine x2  
  142  10:11  Marauder  
  146  10:15  Marauder  
  145  10:22  Marauder  
  145  10:24  Marine x2  
  145  10:25  Medivac  
  145  10:28  Marine  
  128  10:29  Marine  
  128  10:32  Marauder  
  132  10:36  Marine  
  117  10:44  Marine x2, Medivac x2, Marauder  
  117  10:46  Liberator  
  111  10:50  Marine x2  
  111  10:53  Marauder  
  111  10:54  Marine  
  111  10:55  Terran Infantry Armor Level 2  
  116  11:01  Marine  
  116  11:02  Marine  
  121  11:06  Marauder  
  123  11:12  Marine, Marauder, Liberator  
  123  11:14  Medivac x2  
  123  11:15  Marauder  
  132  11:27  Marauder  
  132  11:28  Marine  
  132  11:29  Marine  
  138  11:33  Missile Turret  
  138  11:34  Marauder  
  138  11:36  Marine, Marauder  
  143  11:42  Marine  
  143  11:46  Marine x2  
  145  11:48  Marauder  
  145  11:51  Planetary Fortress  
  145  11:53  SCV  
  148  11:55  Marauder  
  148  11:56  SCV  
  151  12:02  Barracks  
  151  12:05  Barracks  
  151  12:08  Marine, Marauder  
  154  12:10  Marine, Marauder  
  154  12:14  Marine  
  158  12:16  Marine, Marauder  
  161  12:26  Marine  
  161  12:27  Marine  
  162  12:30  Marauder  
  162  12:32  Marine, Marauder  
  157  12:38  Marine, Marauder  
  157  12:43  Marine  
  161  12:45  Marine  
  161  12:50  Medivac x2  
  168  12:51  Marauder  
  168  12:52  Barracks Tech Lab x2  
  168  12:53  Marauder  
  168  12:55  Ghost Academy  
  170  13:10  Supply Depot  
  170  13:11  Supply Depot  
  182  13:34  Missile Turret  
Tags
 
Add a new tag
Caveats
  • Supply blocks, unpowered buildings, or Contaminate may cause inaccurate times.
  • Supply counts are checked every 10 seconds.